 Dungeon Crawl Stone Soup version 0.30-a0-691-g754fce4c43 (webtiles) character file.

Game seed: 8482783055059599819

1878 lessens the Grappler (level 9, 0/75 HPs)
             Began as a Ghoul Fighter on Jan 19, 2023.
             Was an Initiate of Okawaru.
             Slain by Crazy Yiuf
             ... wielding a +3 quarterstaff of chaos
              (1 damage)
             ... on level 6 of the Dungeon.
             The game lasted 00:07:11 (5025 turns).

lessens the Grappler (Ghoul Fighter)                Turns: 5025, Time: 00:07:12

Health: 0/75       AC: 14    Str: 17 (20) XL:     9   Next: 14%
Magic:  6/8        EV:  6    Int:  2 (5)  God:    Okawaru [......]
Gold:   369        SH:  4    Dex:  8 (10) Spells: 8/8 levels left

rFire   . . .      SeeInvis +      - Unarmed
rCold   + + .      Faith    .    b - +0 buckler
rNeg    + + +      Spirit   .    C - +2 chain mail {rC+}
rPois   ∞          Reflect  .    B - +0 helmet {SInv}
rElec   .          Harm     .    H - +0 cloak
rCorr   .          Rampage  .    (no gloves)
Will    .....                    i - +0 pair of boots Stlth
                                 (no amulet)
HPRegen 0.00/turn                (no ring)
MPRegen 0.11/turn                (no ring)

@: inhibited regen, studying Staves
A: claws 1, cold resistance 1, negative energy resistance 3, inhibited
regeneration, torment resistance 2, devour on kill
a: Renounce Religion


You were on level 6 of the Dungeon.
You worshipped Okawaru.
Okawaru was noncommittal.
You visited 2 branches of the dungeon, and saw 7 of its levels.

You collected 369 gold pieces.

Inventory:

Missiles
 e - 128 stones
 m - 6 boomerangs
 y - 2 curare-tipped darts
Armour
 a - a +0 scale mail
 b - a +0 buckler (worn)
 i - a +0 pair of boots (worn)
 s - a +0 pair of gloves
 B - a +0 helmet of see invisible (worn)
 C - a +2 chain mail of cold resistance (worn)
 G - a scarf of repulsion
 H - a +0 cloak (worn)
Wands
 A - a wand of roots (5)
 D - a wand of quicksilver (3) (quivered)
Scrolls
 f - 4 scrolls of summoning {unknown}
 g - 3 scrolls of fear {unknown}
 h - 6 scrolls of identify {unknown}
 j - 2 scrolls of magic mapping {unknown}
 k - a scroll of noise {unknown}
 l - 2 scrolls of enchant armour {unknown}
 q - a scroll of enchant weapon {unknown}
 t - 3 scrolls of teleportation {unknown}
 v - 2 scrolls of fog {unknown}
 w - a scroll of poison {unknown}
 x - 2 scrolls of blinking {unknown}
 E - a scroll of brand weapon {unknown}
 I - a scroll of immolation {unknown}
Potions
 c - a potion of might
 d - 2 potions of attraction {unknown}
 n - a potion of berserk rage {unknown}
 o - 2 potions of curing
 p - 3 potions of degeneration
 r - 3 potions of resistance {unknown}
 u - 4 potions of mutation {unknown}
 z - 2 potions of haste {unknown}
 F - 2 potions of heal wounds {unknown}


   Skills:
 + Level 5.7 Fighting
 - Level 2.6 Armour
 - Level 2.6 Shields
 * Level 11.9 Unarmed Combat


You had 8 spell levels left.
You didn't know any spells.
Your spell library contained the following spells:

 Spells                   Type           Power      Damage    Failure   Level
 Apportation              Tloc           0%         N/A       100%        1
 Ensorcelled Hibernation  Hex/Ice        0%         N/A       100%        2
 Ozocubu's Armour         Ice            0%         N/A       100%        3
 Anguish                  Hex/Necr       0%         N/A       100%        4
 Alistair's Intoxication  Tmut/Pois      0%         N/A       100%        5
 Metabolic Englaciation   Hex/Ice        0%         N/A       100%        5
 Spider Form              Tmut/Pois      Unusable   N/A       N/A         3
 Simulacrum               Ice/Necr       Unusable   N/A       N/A         6

Dungeon Overview and Level Annotations

Branches:
Dungeon (6/15) Zot: 26108  Temple (1/1) D:6 Zot: 5976

Altars:
Ashenzari
Gozag
Kikubaaqudgha
Nemelex Xobeh
Okawaru
Trog
Vehumet
Xom

Annotations:
D:6 Crazy Yiuf


Innate Abilities, Weirdness & Mutations

You are immune to poison.
You have sharp fingernails.
Your flesh is cold resistant. (rC+)
You are immune to negative energy. (rN+++)
You do not regenerate when monsters are visible.
You are immune to unholy pain and torment.
You thrive by killing the living.


Message History

You barely miss Crazy Yiuf.
Crazy Yiuf hits you with a +3 quarterstaff of chaos.
Crazy Yiuf burns you.
You scratch Crazy Yiuf.
Crazy Yiuf is moderately wounded.
Crazy Yiuf hits you with a +3 quarterstaff of chaos.
You completely miss Crazy Yiuf.
Crazy Yiuf is moderately wounded.
Crazy Yiuf hits you with a +3 quarterstaff of chaos!
You convulse!
You barely miss Crazy Yiuf.
Crazy Yiuf is moderately wounded.
You barely miss Crazy Yiuf.
Crazy Yiuf is moderately wounded.
Crazy Yiuf hits you but does no damage.
You are electrocuted!
Unknown command.
Unknown command.
You barely miss Crazy Yiuf.
Crazy Yiuf is moderately wounded.
Crazy Yiuf completely misses you.
You closely miss Crazy Yiuf.
Crazy Yiuf is moderately wounded.
Crazy Yiuf hits you with a +3 quarterstaff of chaos.
* * * LOW HITPOINT WARNING * * *
You convulse.
* * * LOW HITPOINT WARNING * * *
It was a potion of degeneration.
There was something very wrong with that liquid.
You feel weakened.
You feel dopey.
You feel clumsy.
Crazy Yiuf screams, "Rifle turtle agre!"
Crazy Yiuf hits you with a +3 quarterstaff of chaos!
* * * LOW HITPOINT WARNING * * *
You feel your power leaking away.
You scratch Crazy Yiuf.
Crazy Yiuf is moderately wounded.
Crazy Yiuf hits you with a +3 quarterstaff of chaos!
* * * LOW HITPOINT WARNING * * *
Crazy Yiuf burns you.
You die...

>).......................#
.......#######...........#
.......# #...........#
.......# #############
#####.## #.####♣♣♣♣♣
#.##..P.♣.♣♣♣ ###
#.....P..♣..♣#...#
##......♣♣♣♣@g...#
##....♣♣ ♣♣#..)# ####♣♣
###


You could see Crazy Yiuf.

Vanquished Creatures
  Grinder (D:5)
  Eustachio (D:4)
  Edmund (D:5)
  A water moccasin (D:6)
  An ice beast (D:5)
  An ogre (D:6)
  A kobold brigand (D:3)
  2 bullfrogs
  2 necrophages
  A gnoll sergeant (D:6)
  2 scorpions
  A howler monkey (D:6)
  4 jellies
  A hound (D:6)
  A gnoll bouda (D:5)
  An orc priest (D:3)
  An iguana (D:5)
  Ijyb (D:4)
  Terence (D:2)
  3 orc wizards
  11 gnolls
  4 adders
  A shadow imp (D:6)
  An ufetubus (D:5)
  A worm (D:2)
  A dart slug (D:4)
  11 orcs
  3 endoplasms
  8 goblins
  11 hobgoblins
  3 quokkas
  4 ball pythons
  2 bats
  A frilled lizard (D:2)
  18 kobolds
  2 rats
110 creatures vanquished.

Vanquished Creatures (others)
  3 killer bees (D:6)
  2 fungi (D:6)
  3 plants (D:6)
8 creatures vanquished.

Grand Total: 118 creatures vanquished

Notes
Turn   | Place    | Note
-------+----------+-------------------------------------------
     0 | D:1      | lessens the Ghoul Fighter began the quest for the Orb.
     0 | D:1      | Reached XP level 1. HP: 19/19 MP: 0/0
   109 | D:1      | Reached XP level 2. HP: 17/26 MP: 1/1
   110 | D:1      | Reached skill level 3 in Unarmed Combat
   162 | D:1      | Found a faded altar of an unknown god.
   450 | D:2      | Noticed Terence
   468 | D:2      | Killed Terence
   469 | D:2      | Reached skill level 4 in Unarmed Combat
   469 | D:2      | Reached XP level 3. HP: 31/31 MP: 2/2
  1310 | D:3      | Reached XP level 4. HP: 38/38 MP: 3/3
  1352 | D:3      | Reached skill level 5 in Unarmed Combat
  1445 | D:3      | Found an opulent altar of Gozag.
  1785 | D:3      | Noticed a kobold brigand
  1947 | D:3      | Reached XP level 5. HP: 45/45 MP: 4/4
  2078 | D:3      | Killed a kobold brigand
  2079 | D:3      | Reached skill level 6 in Unarmed Combat
  2513 | D:4      | Noticed Eustachio
  2625 | D:4      | Reached XP level 6. HP: 43/51 MP: 5/5
  2659 | D:4      | Noticed Ijyb
  2668 | D:4      | Killed Ijyb
  2722 | D:4      | Reached skill level 7 in Unarmed Combat
  3100 | D:4      | Killed Eustachio
  3101 | D:4      | Reached skill level 8 in Unarmed Combat
  3101 | D:4      | Reached XP level 7. HP: 36/57 MP: 6/6
  3222 | D:5      | Entered Level 5 of the Dungeon
  3307 | D:5      | Reached skill level 9 in Unarmed Combat
  3361 | D:5      | Noticed Grinder
  3369 | D:5      | Killed Grinder
  3378 | D:5      | Reached skill level 10 in Unarmed Combat
  3378 | D:5      | Reached XP level 8. HP: 63/63 MP: 7/7
  3385 | D:5      | Noticed Edmund
  3399 | D:5      | Killed Edmund
  4108 | D:6      | Reached skill level 11 in Unarmed Combat
  4168 | D:6      | Found a bloodstained altar of Trog.
  4409 | D:6      | Reached skill level 5 in Fighting
  4413 | D:6      | Reached XP level 9. HP: 63/74 MP: 8/8
  4576 | D:6      | Found a broken altar of Ashenzari.
  4902 | D:6      | Found a staircase to the Ecumenical Temple.
  4911 | Temple   | Entered the Ecumenical Temple
  4923 | Temple   | Became a worshipper of Warmaster Okawaru
  5012 | D:6      | Found a runed translucent door.
  5013 | D:6      | Noticed Crazy Yiuf
  5025 | D:6      | HP: 1/75 [Crazy Yiuf/+3 quarterstaff of chaos (8)]
  5025 | D:6      | Slain by Crazy Yiuf

Illustrated notes

Levels and vault maps discovered:
D:1:      ebering_trefoil_3fold, layout_basic,
          hellmonk_ecumenical_altar_heavens_door
D:2:      layout_basic, uniq_terence
D:3:      cheibrodos_thug_alley, layout_rooms, nicolae_gozag_seed_capital,
          minmay_quantized
D:4:      layout_basic, minmay_manual_mess, uniq_ijyb, uniq_eustachio
D:5:      layout_cave_pools, uniq_edmund, uniq_grinder
D:6:      layout_rooms, trog_hazing_becter, mainiacjoe_overflow_chevrons,
          ashenzari_conservatory_becter, lemuel_temple_firewalk_a,
          uniq_crazy_yiuf_cottage
Temple:   eino_temple_water

Skill      XL: |  1  2  3  4  5  6  7  8 |
---------------+-------------------------+-----
Unarmed Combat | 4 5 6 8 10 11 | 11.9
Fighting       | 5 |  5.7
Armour         | |  2.6
Shields        | |  2.6

Action                   |  1- 3 |  4- 6 |  7- 9 || total
-------------------------+-------+-------+-------++-------
Melee: Unarmed           |    80 |   151 |   193 ||   424
Evoke: Wand              |       |     1 |     1 ||     2
  Use: Potion            |       |     1 |     1 ||     2
Armor: Scale mail        |    26 |    40 |       ||    66
       Chain mail        |       |    30 |    78 ||   108
Dodge: Dodged            |    26 |    71 |    51 ||   148
Block: Buckler           |    15 |    36 |    26 ||    77

Table legend: (Time is in decaauts)
 A = Elapsed time spent in this place.
 B = Non-inter-level travel time spent in this place.
 C = Inter-level travel time spent in this place.
 D = Time resting spent in this place.
 E = Time spent auto-exploring this place.
 F = Levels seen in this place.
 G = Mean time per level.
                   A        B        C        D        E       F      G
               +--------+--------+--------+--------+--------+-----+--------+
         Total |   4991 |   4806 |    185 |    184 |   3751 |   7 |  713.0 |
       Dungeon |   4967 |   4793 |    174 |    184 |   3746 |   6 |  827.8 |
        Temple |     23 |     12 |     11 |      0 |      5 |   1 |   23.0 |
               +--------+--------+--------+--------+--------+-----+--------+

Top non-repeatable levels by time:
     D:2: 941 daAuts
     D:4: 940 daAuts
     D:3: 906 daAuts
     D:6: 890 daAuts
     D:5: 859 daAuts
     D:1: 429 daAuts
  Temple: 23 daAuts
